 Seeded DCSS version 0.31.0-32-g396128a36d (webtiles) character file.

Game seed: 16386573391803395365 (custom seed)

354 bronco the Grave Robber (level 6, 0/41 HPs)
             Began as a Mummy Necromancer on Mar 30, 2024.
             Slain by a gnoll
             ... wielding a +0 spear
              (7 damage)
             ... on level 4 of the Dungeon.
             The game lasted 00:05:47 (2744 turns).

bronco the Grave Robber (Mummy Necromancer)         Turns: 2744, Time: 00:05:48

Health: 0/41       AC:  3    Str: 11    XL:     6   Next: 35%
Magic:  14/15      EV: 11    Int: 17    God:
Gold:   199        SH:  0    Dex: 12    Spells: 13/17 levels left

rFire   x . .        h - +7 sceptre of Torment {pain, torment}
rCold   + . .        (no shield)
rNeg    + + +        c - +0 leather armour
rPois   ∞            o - +0 hat
rElec   .            (no cloak)
rCorr   .            (no gloves)
SInv    .            (no boots)
Will    .....        (no amulet)
Stlth   +            (no ring)
HPRegen 0.26/turn    (no ring)
MPRegen 0.14/turn

%: faith
@: no status effects
A: cold resistance 1, negative energy resistance 3, torment resistance 2, heat
vulnerability 1, in touch with death 1, no potions, faith
a: no special abilities


You were on level 4 of the Dungeon.
You visited 1 branch of the dungeon, and saw 4 of its levels.

You collected 199 gold pieces.

Inventory:

Hand Weapons
 f - a +0 short sword
 h - the +7 sceptre of Torment (weapon) {pain, torment}
   (You found it on level 2 of the Dungeon)
Missiles
 d - 13 poisoned darts
 m - 24 stones
Armour
 a - a +0 robe
 c - a +0 leather armour (worn)
 o - a +0 hat (worn)
Magical Staves
 i - a staff of fire
Wands
 n - a wand of acid (2)
Scrolls
 b - a scroll of fear {unknown}
 e - 2 scrolls of poison {unknown}
 g - a scroll of noise {unknown}
 j - a scroll of revelation {unknown}
 k - 5 scrolls of teleportation {unknown}
 l - 2 scrolls of blinking {unknown}
 p - a scroll of fog {unknown}
 q - 3 scrolls of identify {unknown}
 r - 2 scrolls of amnesia {unknown}


   Skills:
 - Level 1.5 Dodging
 - Level 1.5 Stealth
 + Level 6.0 Spellcasting
 + Level 6.2 Necromancy


You had 13 spell levels left.
You knew the following spells:

 Your Spells              Type           Power      Damage    Failure   Level
a - Necrotise             Necr           100%       1d9       1%          1
b - Vampiric Draining     Necr           39%        2d8       3%          3

Your spell library contained the following spells:

 Spells                   Type           Power      Damage    Failure   Level
 Animate Dead             Necr           39%        N/A       13%         4
 Apportation              Tloc           10%        N/A       17%         1
 Jinxbite                 Hex            10%        N/A       26%         2
 Curse of Agony           Necr           39%        N/A       34%         5
 Alistair's Intoxication  Alch           3%         N/A       99%         5


Dungeon Overview and Level Annotations

Branches:
Dungeon (4/15)
 Temple: D:4-7

Altars:


Innate Abilities, Weirdness & Mutations

You are immune to poison.
Your flesh is cold resistant. (rC+)
You are immune to negative energy. (rN+++)
You are immune to unholy pain and torment.
You are vulnerable to heat. (rF-)
You are in touch with the powers of death.
You do not drink.
You have a special connection with the divine. (Faith)


Message History

You see here a +0 leather armour.
Things that are here:
a +0 mace; a goblin corpse Done exploring.
Done exploring.
There is a stone staircase leading down here.
You climb downwards.
There is a stone staircase leading up here.
A gnoll comes into view. It is wielding a +0 spear.
The gnoll shouts! x2; You hear a shout! x2
A gnoll comes into view. It is wielding a +0 spear.
A gnoll comes into view. It is wielding a +0 whip.
The gnoll misses you.
You puncture the gnoll!
You kill the gnoll!
Your Spellcasting skill increases to level 6!
The gnoll hits you from afar with a +0 spear.
The gnoll hits you with a +0 spear.
You see here a +0 flail.
You puncture the gnoll!
The gnoll is severely wounded.
The gnoll hits you from afar with a +0 spear.
The gnoll hits you with a +0 spear.
The gnoll hits you from afar with a +0 spear.
The gnoll hits you with a +0 spear!
* * * LOW HITPOINT WARNING * * *
Casting: Necrotise (safe; 1% risk of failure)
Confirm with . or Enter, or press ? or * to list all spells.
Aiming: Necrotise (safe; 1% risk of failure)
Press: ? - help, Shift-Dir - straight line, f - gnoll
Aim: a gnoll, wielding a +0 spear (severely wounded, chance to affect: 88%)
You feel a surge of power!
The gnoll writhes in agony.
The gnoll hits you from afar with a +0 spear.
* * * LOW HITPOINT WARNING * * *
The gnoll hits you with a +0 spear.
* * * LOW HITPOINT WARNING * * *
The gnoll closely misses you.
There is a stone staircase leading up here.
The gnoll hits you from afar with a +0 spear!
You die...

. # # ... .#...
.....########.....#
.......@.g.gg.....#
.#...########...#.#
#. ..# .# .. .. .


You could see 3 gnolls.

Vanquished Creatures
  Grinder (D:3)
  Terence (D:3)
  2 adders (D:3)
  A gnoll (D:4)
  3 dart slugs
  5 ribbon worms
  7 bats
  5 endoplasms
  7 giant cockroaches
  4 goblins
  5 hobgoblins
  2 jackals (D:1)
  4 quokkas
  4 ball pythons
  7 frilled lizards
  7 kobolds
  5 rats
70 creatures vanquished.

Vanquished Creatures (collateral kills)
  A jackal (D:1)
1 creature vanquished.

Grand Total: 71 creatures vanquished

Notes
Turn   | Place    | Note
-------+----------+-------------------------------------------
     0 | D:1      | bronco the Mummy Necromancer began the quest for the Orb.
     0 | D:1      | Reached XP level 1. HP: 13/13 MP: 4/4
   169 | D:1      | Reached XP level 2. HP: 17/19 MP: 1/5
   654 | D:2      | Reached XP level 3. HP: 24/24 MP: 5/7
   656 | D:2      | Found the +7 sceptre of Torment {pain, torment}
  1487 | D:2      | Reached skill level 5 in Necromancy
  2123 | D:3      | Learned a level 3 spell: Vampiric Draining
  2140 | D:3      | Reached XP level 4. HP: 27/30 MP: 9/9
  2211 | D:3      | Noticed Grinder
  2232 | D:3      | Killed Grinder
  2233 | D:3      | Reached skill level 5 in Spellcasting
  2233 | D:3      | Reached XP level 5. HP: 15/35 MP: 11/13
  2233 | D:3      | Reached XP level 6. HP: 17/41 MP: 11/14
  2401 | D:3      | Noticed Terence
  2404 | D:3      | Killed Terence
  2744 | D:4      | Slain by a gnoll

Illustrated notes

Levels and vault maps discovered:
D:1:      eino_arrival_tree_alley, layout_rooms
D:2:      layout_basic, minmay_bisected
D:3:      layout_rooms, uniq_grinder, uniq_terence
D:4:      layout_basic

Skill      XL: |  1  2  3  4  5  6 |
---------------+-------------------+-----
Spellcasting   | 3 5 6 |  6.0
Necromancy     | 5 6 |  6.2
Dodging        | |  1.5
Stealth        | |  1.5

Action                     |  1- 3 |  4- 6 || total
---------------------------+-------+-------++-------
  Melee: Unarmed           |    15 |       ||    15
         Punch             |     1 |       ||     1
         Eveningstar       |    43 |    33 ||    76
   Cast: Necrotise         |    51 |     1 ||    52
  Evoke: Wand              |       |     6 ||     6
   Stab: Sleeping          |     1 |     1 ||     2
 Armour: Robe              |     4 |       ||     4
         Leather armour    |    36 |    43 ||    79
  Dodge: Dodged            |    46 |    23 ||    69
